 Dungeon Crawl Stone Soup version 0.27.0-1-g7a089689b8 (webtiles) character file.

Game seed: 1042805195586388806

3 hawla the Grave Robber (level 1, 0/10 HPs)
             Began as a Deep Elf Necromancer on Aug 5, 2021.
             Slain by a bat (1 damage)
             ... on level 1 of the Dungeon.
             The game lasted 00:00:51 (59 turns).

hawla the Grave Robber (Deep Elf Necromancer)         Turns: 59, Time: 00:00:51

Health: 0/10       AC:  2    Str:  5    XL:     1   Next: 41%
Magic:  0/6        EV: 12    Int: 19    God:
Gold:   12         SH:  0    Dex: 15    Spells: 5/6 levels left

rFire    . . .     SeeInvis .   (no weapon)
rCold    . . .     Faith    .   (no shield)
rNeg     . . .     Spirit   .   a - +0 robe
rPois    .         Reflect  .   (no helmet)
rElec    .         Harm     .   (no cloak)
rCorr    .         Rampage  .   (no gloves)
Will     .....                  (no boots)
Stlth    ++........             (no amulet)
HPRegen  0.03/turn              (no ring)
MPRegen  0.10/turn              (no ring)

@: no status effects
A: no striking features
a: no special abilities


You were on level 1 of the Dungeon.
You visited 1 branch of the dungeon, and saw 1 of its levels.

You collected 12 gold pieces.

Inventory:

Armour
 a - a +0 robe (worn)


   Skills:
 + Level 0.1 Fighting
 + Level 0.2 Short Blades
 + Level 2.5 Dodging
 + Level 2.5 Stealth
 - Level 3.0 Spellcasting
 + Level 4.8 Necromancy


You had 5 spell levels left.
You knew the following spells:

 Your Spells              Type           Power      Damage    Failure   Level
a - Pain                  Necr           84%        1d8       1%          1

Your spell library contained the following spells:

 Spells                   Type           Power      Damage    Failure   Level
 Animate Skeleton         Necr           42%        N/A       1%          1
 Vampiric Draining        Necr           10%        2d7       6%          3
 Animate Dead             Necr           10%        N/A       21%         4
 Agony                    Necr           21%        N/A       50%         5


Dungeon Overview and Level Annotations

Branches:
Dungeon (1/15)

Altars:


Message History

The slug dart hits you.
Unknown command.
Casting: Pain (safe; 1% risk of failure)
Confirm with . or Enter, or press ? or * to list all spells.
Aiming: Pain (safe; 1% risk of failure)
Press: ? - help, Shift-Dir - straight line, f/p - dart slug
Aim: a dart slug (severely wounded, chance to affect: 91%)
The dart slug barely resists.
The bat barely misses you.
Casting: Pain (safe; 1% risk of failure)
Confirm with . or Enter, or press ? or * to list all spells.
Aiming: Pain (safe; 1% risk of failure)
Press: ? - help, Shift-Dir - straight line, f/p - dart slug
Aim: a dart slug (severely wounded, chance to affect: 91%)
The dart slug writhes in agony.
The hobgoblin shouts!
You hear a shout!
The bat hits you but does no damage.
Unknown command.
You aren't carrying any potions.
Casting: Pain (safe; 1% risk of failure)
Confirm with . or Enter, or press ? or * to list all spells.
Aiming: Pain (safe; 1% risk of failure)
Press: ? - help, Shift-Dir - straight line, f/p - dart slug
Aim: a dart slug (almost dead, chance to affect: 91%)
The dart slug writhes in agony!
You kill the dart slug!
The bat hits you but does no damage. The bat completely misses you.
A hobgoblin comes into view.
The bat closely misses you.
Casting: Pain (safe; 1% risk of failure)
Confirm with . or Enter, or press ? or * to list all spells.
Aiming: Pain (safe; 1% risk of failure)
Press: ? - help, Shift-Dir - straight line, f - bat
Aim: a bat (chance to affect: 91%)
The bat barely resists.
The hobgoblin shouts!
The bat barely misses you.
An endoplasm comes into view.
A quokka comes into view.
The endoplasm moves out of view.
The bat hits you.
You die...

#..........#
...........# #####
...........# #...#
...........# #...#
.............###...#
...........##.....#
...#..............#
..#####.####.#...#
#. #.@..# #..##### .
#.##b######.####
....##....# #......#
.r......g## #.####.#
..g....†.# #.. #.#
.........# #..
#.##.#
..........#..#
#.##.# ..#.#.#.#...#
##.##.## #
#.#.#.##.. #...#..#


You could see a hobgoblin and a bat.

Vanquished Creatures
  A dart slug (D:1)
  A frilled lizard (D:1)
2 creatures vanquished.

Notes
Turn   | Place    | Note
-------+----------+-------------------------------------------
     0 | D:1      | hawla the Deep Elf Necromancer began the quest for the Orb.
     0 | D:1      | Reached XP level 1. HP: 10/10 MP: 6/6
    59 | D:1      | Slain by a bat

Illustrated notes

Levels and vault maps discovered:
D:1:      dpeg_arrival_rhombus, layout_rooms, minmay_misc_feat_pillars

Action                   || total
-------------------------++-------
 Cast: Pain              ||     7
Armor: Robe              ||     2
Dodge: Dodged            ||     4
